 Dungeon Crawl Stone Soup version 0.25-a0-322-g3677130 (webtiles) character file.

Game seed: 14070278232529349135, levelgen mode: deterministic

6900 Auros the Basher (level 10, -2/89 (94) HPs)
             Began as a Troll Warper on Dec 26, 2019.
             Was an Elder of Qazlal.
             Slain by a death yak (15 damage)
             ... while paralysed
             ... on level 10 of the Dungeon on Dec 27, 2019.
             The game lasted 00:56:17 (9385 turns).

Auros the Basher (Troll Warper)                     Turns: 9385, Time: 00:56:17

HP:   -2/89 (94)    AC: 17    Str: 22    XL:     10   Next: 79%
MP:   0/13          EV:  1    Int:  9    God:    Qazlal [****..]
Gold: 328           SH:  0    Dex: 15    Spells: 9/11 levels left

rFire    . . .     SeeInvis .   O - +0 giant spiked club
rCold    . . .     Gourm    +   (shield currently unavailable)
rNeg     + . .     Faith    .   w - +1 pearl dragon scales
rPois    .         Spirit   +   (helmet restricted)
rElec    .         Reflect  .   f - scarf {Spirit}
rCorr    .         Harm     .   (gloves unavailable)
MR       .....                  (boots unavailable)
Stlth    ..........             q - amulet of rage
HPRegen  0.64/turn              Q - +4 ring of dexterity
MPRegen  0.13/turn              (no ring)

@: paralysed, berserk cooldown, slowed, repel missiles
A: large, unfitting armour, claws 3, fast metabolism 3, gourmand, regeneration
1, shaggy fur 1, tough skin 3
a: Upheaval, Elemental Force, Renounce Religion, Evoke Berserk Rage


You were on level 10 of the Dungeon.
You worshipped Qazlal.
Qazlal was greatly pleased with you.
You were very full.

You visited 1 branch of the dungeon, and saw 10 of its levels.

You collected 457 gold pieces.
You spent 129 gold pieces at shops.

Inventory:

Hand Weapons
 a - a +0 mace
 l - a +0 giant club
 I - a +3 mace
 O - a +0 giant spiked club (weapon)
Missiles
 d - 105 bolts
 j - 23 sling bullets
 o - 212 arrows
 C - 20 poisoned darts
 D - 9 large rocks (quivered)
 J - 3 atropa-tipped darts
 L - 4 boomerangs
 M - 2 throwing nets
 S - 7 curare-tipped darts
 Z - 203 stones
Armour
 b - a +0 robe
 f - a scarf of spirit shield (worn)
 s - a +0 cloak
 w - +1 pearl dragon scales (worn)
 H - the +0 shield of Space {-Cast rC++}
   (You found it on level 6 of the Dungeon)

   It greatly protects you from cold.
   It prevents spellcasting.
Jewellery
 q - an amulet of rage (around neck)
 Q - a +4 ring of dexterity (left claw)
 R - an uncursed ring of fire
Wands
 n - a wand of flame (30)
 u - a wand of iceblast (6)
 K - a wand of acid (6)
 P - a wand of polymorph (8)
Scrolls
 c - 2 scrolls of remove curse
 g - 11 scrolls of identify {unknown}
 i - a scroll of amnesia {unknown}
 m - a scroll of fog {unknown}
 v - a scroll of magic mapping
 y - a scroll of noise {unknown}
 E - a scroll of enchant weapon {unknown}
 T - a scroll of vulnerability {unknown}
Potions
 e - a potion of flight {unknown}
 k - a potion of cancellation {unknown}
 p - a potion of lignification {unknown}
 r - 5 potions of brilliance {unknown}
 x - 4 potions of curing
 A - a potion of ambrosia {unknown}
 B - a potion of heal wounds {unknown}
 F - a potion of haste {unknown}
 N - a potion of might
Miscellaneous
 U - a phantom mirror
Comestibles
 z - 14 rations


   Skills:
 - Level 4.9 Fighting
 + Level 8.0 Maces & Flails
 - Level 1.3 Throwing
 + Level 5.1 Armour
 - Level 5.0 Dodging
 - Level 1.4 Spellcasting
 + Level 5.4 Translocations
 + Level 5.6 Invocations
 + Level 2.7 Evocations


You had 9 spell levels left.
You knew the following spells:

 Your Spells              Type           Power        Failure   Level  Hunger
a - Blink                 Tloc           N/A          17%         2    ###....

Your spell library contained the following spells:

 Spells                   Type           Power        Failure   Level  Hunger
 Gell's Gravitas          Tloc           ##........   32%         3    ####...
 Lesser Beckoning         Tloc           ##........   32%         3    ####...
 Teleport Other           Tloc           ##......     32%         3    ####...
 Shroud of Golubria       Chrm/Tloc      #.....       45%         2    ###....
 Passage of Golubria      Tloc           N/A          73%         4    #####..


Dungeon Overview and Level Annotations

Branches:
Dungeon (10/15)            Temple (0/1) D:4
   Lair: D:8-11         Orc: D:9-12

Altars:
Fedhas
Gozag
Nemelex Xobeh
Okawaru
Qazlal
Ru
Trog
Uskayaw
Xom
Yredelemnul
Zin
The Shining One
Beogh

Shops:
D:4 *}?   D:8 !

Annotations:
D:3 1 runed translucent door, JoannaLumley's ghost, amateur TeIE


Innate Abilities, Weirdness & Mutations

You are too large for most types of armour.
You have claws for hands.
Your metabolism is lightning-fast.
You like to eat raw meat.
Your natural rate of healing is unusually fast.
You are covered in fur. (AC +1)
You have extremely tough skin. (AC +3)


Message History

The death yak resists with almost no effort.
The yak looks frightened! x3; The troll looks frightened!
The centaur looks frightened!
The centaur howls in fear.
The death yak snorts and paws the ground.
The death yak closely misses you. The death yak barely misses you.
Evoke which item? (* to show all) (? for menu, Esc to quit)
Aiming: Polymorph
Press: ? - help, Shift-Dir - straight line, f/p - death yak
Aim: a death yak (heavily wounded, chance to defeat MR: 3%)
The death yak resists with almost no effort.
Cornered, the yak turns to fight!
The death yak gores you but does no damage.
Cornered, the yak turns to fight!
Trog's voice booms out, "Feel my wrath!"
You suddenly pass out!
The death yak gores you!
* * * LOW HITPOINT WARNING * * *
The death yak gores you!
You die...

##..........#
####.......#
#......## ...
#.....## ..#
#....## ..#
#.#### #..#
#.# #..# #.#
#########..c#
#.#
#....@YYY..#
#.#
#..°.##....#
#.#
##..######YY#
#.# ##..##
.## #.###...#
.. #.....###
... ##...##
5... #####
...c. ...O..


You could see 2 death yaks, 3 yaks and a centaur (fleeing).

Vanquished Creatures
  2 two-headed ogres
  A death yak (D:10)
  A gargoyle (D:9)
  The ghost of RedSky the Nimble, a novice DEGl of Wu Jian (D:6)
  A polar bear (D:7)
  2 hippogriffs (D:9)
  8 black bears
  4 orc warriors
  2 sky beasts
  An ice beast (D:8)
  6 ogres
  A phantom (D:5)
  5 centaurs
  A big kobold (D:7)
  A bullfrog (D:9)
  2 scorpions (D:4)
  6 wights (D:9)
  3 howler monkeys (D:7)
  2 crimson imps
  2 bullfrog zombies
  2 jellies
  4 centaur skeletons
  4 hounds
  2 bullfrog skeletons (D:4)
  2 orc priests
  A gnoll shaman (D:9)
  An orc wizard (D:8)
  Terence (D:2)
  An iguana (D:6)
  6 worker ants
  3 hound zombies
  A worker ant zombie (D:8)
  23 gnolls
  12 adders
  A shadow imp (D:5)
  An ooze (D:3)
  2 adder skeletons (D:4)
  6 worms
  A dart slug (D:2)
  5 leopard geckos
  45 orcs
  16 bats
  7 giant cockroaches
  13 goblins
  14 hobgoblins
  5 jackals
  17 kobolds
  5 quokkas
  3 ball pythons
  5 frilled lizards
  A giant cockroach zombie (D:5)
  A jackal skeleton (D:4)
  A quokka zombie (D:6)
  12 rats
276 creatures vanquished.

Vanquished Creatures (others)
  A sky beast (D:9)
1 creature vanquished.

Grand Total: 277 creatures vanquished

Notes
Turn   | Place    | Note
-------+----------+-------------------------------------------
     0 | D:1      | Auros the Troll Warper began the quest for the Orb.
     0 | D:1      | Reached XP level 1. HP: 19/19 MP: 1/1
    58 | D:1      | Reached skill level 1 in Throwing
    85 | D:1      | Reached XP level 2. HP: 28/28 MP: 3/3
    88 | D:1      | Reached skill level 2 in Maces & Flails
   457 | D:1      | Reached XP level 3. HP: 30/35 MP: 2/4
   461 | D:1      | Learned a level 2 spell: Blink
   818 | D:2      | Found a glowing golden altar of the Shining One.
   841 | D:2      | Noticed Terence
   859 | D:2      | Killed Terence
   859 | D:2      | Reached XP level 4. HP: 16/42 MP: 1/5
  1059 | D:2      | Found a bloodstained altar of Trog.
  1060 | D:2      | Found a sacrificial altar of Ru.
  1069 | D:2      | Found a stormy altar of Qazlal.
  1075 | D:2      | Found a basalt altar of Yredelemnul.
  1134 | D:2      | Upgraded the game from 0.25-a0-317-g5f8687b to
                  | 0.25-a0-320-g60aa035
  1169 | D:2      | Became a worshipper of Trog the Wrathful
  1170 | D:2      | Was placed under penance by Trog
  1184 | D:2      | Fell from the grace of Trog
  1184 | D:2      | Became a worshipper of Qazlal Stormbringer
  1509 | D:2      | Found a faded altar of an unknown god.
  1524 | D:2      | Paralysed by Trog for 2 turns
  1616 | D:2      | Paralysed by Trog for 3 turns
  1633 | D:2      | Reached XP level 5. HP: 48/50 MP: 4/6
  1899 | D:3      | Reached skill level 3 in Maces & Flails
  2013 | D:3      | Reached * piety under Qazlal
  2470 | D:3      | Found a runed translucent door.
  2470 | D:3      | Noticed JoannaLumley's ghost (amateur TeIE)
  2933 | D:4      | Reached XP level 6. HP: 37/61 MP: 4/7
  3117 | D:4      | Reached skill level 4 in Maces & Flails
  3117 | D:4      | Reached XP level 7. HP: 62/68 MP: 6/8
  3201 | D:4      | Reached ** piety under Qazlal
  3232 | D:4      | Found Homymarch's Magic Scroll Boutique.
  3246 | D:4      | Bought a scroll of teleportation for 39 gold pieces
  3337 | D:4      | Found Xunuibb's Gadget Shoppe.
  3375 | D:4      | Found Aginwosi's Assorted Antiques.
  3389 | D:4      | Bought a cloak for 90 gold pieces
  3709 | D:4      | Found a faded altar of an unknown god.
  3709 | D:4      | Found a sparkling altar of Nemelex Xobeh.
  3714 | D:4      | Found a faded altar of an unknown god.
  3716 | D:4      | Found an iron altar of Okawaru.
  3717 | D:4      | Found a glowing silver altar of Zin.
  3905 | D:4      | Found a staircase to the Ecumenical Temple.
  4027 | D:5      | Entered Level 5 of the Dungeon
  4559 | D:5      | Reached *** piety under Qazlal
  4685 | D:5      | Reached XP level 8. HP: 79/79 MP: 9/9
  4878 | D:5      | Reached skill level 5 in Maces & Flails
  5399 | D:5      | Found a hide-covered altar of Uskayaw.
  5417 | D:5      | Reached skill level 5 in Dodging
  5788 | D:6      | Found a runed translucent gate.
  5789 | D:6      | Found a runed translucent gate.
  5789 | D:6      | Identified the +3 chain mail of Weightlessness {rPois MR+
                  | rCorr Slay+2}
  5789 | D:6      | Noticed RedSky's ghost (novice DEGl)
  5790 | D:6      | Found a runed translucent gate.
  5796 | D:6      | Found a roughly hewn altar of Beogh.
  5970 | D:6      | Got an ancient shield
  5977 | D:6      | Identified the +0 shield of Space {-Cast rC++} (You found
                  | it on level 6 of the Dungeon)
  6006 | D:6      | Reached skill level 1 in Invocations
  6165 | D:6      | Paralysed by Trog for 3 turns
  6189 | D:6      | Reached skill level 1 in Armour
  6329 | D:6      | Found an opulent altar of Gozag.
  6440 | D:6      | Killed RedSky's ghost
  6627 | D:6      | Reached skill level 6 in Maces & Flails
  6632 | D:6      | Reached XP level 9. HP: 35/82 MP: 1/10
  6799 | D:7      | Upgraded the game from 0.25-a0-320-g60aa035 to
                  | 0.25-a0-322-g3677130
  6888 | D:7      | Found a stormy altar of Qazlal.
  7428 | D:7      | Found a shimmering altar of Xom.
  7428 | D:7      | Found a shimmering altar of Xom.
  7428 | D:7      | Found a shimmering altar of Xom.
  7428 | D:7      | Found a shimmering altar of Xom.
  7428 | D:7      | Found a shimmering altar of Xom.
  7437 | D:7      | Found a shimmering altar of Xom.
  7527 | D:7      | Noticed a polar bear
  7543 | D:7      | Killed a polar bear
  7551 | D:7      | HP: 1/82 [black bear[the rage of Trog] (9)]
  7681 | D:6      | Noticed a polar bear
  7933 | D:8      | Noticed a two-headed ogre
  7942 | D:8      | Killed a two-headed ogre
  7942 | D:8      | Reached skill level 7 in Maces & Flails
  8490 | D:8      | Reached XP level 10. HP: 86/89 MP: 12/12
  8523 | D:8      | Reached **** piety under Qazlal
  8577 | D:8      | Found Rijuenes's Distillery.
  8595 | D:8      | Noticed a two-headed ogre
  8595 | D:8      | Noticed a two-headed ogre
  8595 | D:8      | Noticed a two-headed ogre
  8705 | D:9      | Found a blossoming altar of Fedhas.
  8750 | D:9      | Reached skill level 1 in Evocations
  8823 | D:9      | Paralysed by Trog for 2 turns
  9072 | D:9      | Noticed a gargoyle
  9079 | D:9      | Killed a gargoyle
  9079 | D:9      | Reached skill level 5 in Translocations
  9079 | D:9      | Reached skill level 5 in Invocations
  9181 | D:9      | HP: 3/89 [black bear[the rage of Trog] (3)]
  9187 | D:10     | Entered Level 10 of the Dungeon
  9355 | D:10     | Noticed a death yak
  9355 | D:10     | Noticed a two-headed ogre
  9356 | D:10     | Noticed a death yak
  9366 | D:10     | Noticed a death yak
  9370 | D:10     | Killed a death yak
  9372 | D:10     | Killed a two-headed ogre
  9372 | D:10     | Reached skill level 8 in Maces & Flails
  9372 | D:10     | Reached skill level 5 in Armour
  9383 | D:10     | Paralysed by Trog for 5 turns
  9385 | D:10     | Slain by a death yak

Levels and vault maps discovered:
D:1:      scummos_arrival_forest, layout_rooms
D:2:      minmay_chambers_of_twos, layout_rooms, minitemple, marbit_many_paths,
          chequers_ecumenical_altar_simple, minmay_misc_feat_alley,
          minmay_tetromino_i4, uniq_terence
D:3:      layout_basic, ebering_ghost_sewer_d
D:4:      layout_basic, chequers_temple_overflow_minitemple, temple_hall,
          first_ration, serial_shops, shop_statue, shop,
          nicolae_shop_temple_entry_statues_fountains
D:5:      corexii_shantytown, layout_basic, old_standard_altar
D:6:      layout_basic, biasface_ghost_orc_armoury, basic_altar
D:7:      layout_loops_cross, xom_shifter_show, grunt_qazlal_sundering
D:8:      layout_basic, serial_shops, nicolae_shop_window_shopping,
          serial_glass, glass_columns_b, glass_columns_a, blue_anna_alchemist
          [blue_anna_fruit_fields, blue_anna_fruit_fields],
          onia_ninara_dug_in_and_dangerous
D:9:      layout_roguey [special_room_orc], lemuel_round_altar
D:10:     layout_layer_cave, dpeg_lair_monsters, grunt_decor_resistance

Skill      XL: |  1  2  3  4  5  6  7  8  9 10 |
---------------+-------------------------------+-----
Throwing       | 1 |  1.3
Dodging        | 2 3 4 5 |  5.0
Maces & Flails | 2 3 4 6 7 8 |  8.0
Fighting       | 2 3 4 |  4.9
Invocations    | 2 4 5 |  5.6
Armour         | 2 4 5 |  5.1
Translocations | 3 4 5 |  5.4
Evocations     | 2 |  2.7
Spellcasting   | |  1.4

Action                   |  1- 3 |  4- 6 |  7- 9 | 10-12 || total
-------------------------+-------+-------+-------+-------++-------
Melee: Mace              |   124 |   248 |   199 |       ||   571
       Giant club        |       |    30 |   221 |       ||   251
       Giant spiked club |       |       |    59 |   136 ||   195
Throw: Boomerang         |     5 |       |       |       ||     5
       Stone             |    75 |    83 |    51 |       ||   209
       Dart              |       |    40 |    50 |       ||    90
       Large rock        |       |       |    33 |       ||    33
 Cast: Blink             |       |     1 |       |       ||     1
Invok: Upheaval          |       |       |     6 |     1 ||     7
 Abil: Evoke Berserk Rag |       |       |     3 |     1 ||     4
Evoke: Wand              |       |       |     4 |     1 ||     5
  Use: Scroll            |       |       |     9 |     3 ||    12
  Eat: Chunk             |    14 |    22 |    56 |     8 ||   100
Armor: Robe              |    63 |   134 |    13 |       ||   210
       Pearl dragon scal |       |       |   300 |   151 ||   451
Dodge: Dodged            |    78 |   138 |   264 |   129 ||   609
       Deflected         |       |       |       |    13 ||    13
Block: Other             |       |     6 |   109 |    51 ||   166

Table legend:
 A = Non-vault XP
 B = Vault XP
 C = Vault XP percentage of total XP
 D = Non-vault monster count
 E = Vault monster count
 F = Vault count percentage of total count
                 A         B        C        D         E       F
            +---------+---------+-------+---------+---------+-------
      Total |    7953 |    1905 |  19.3 |     207 |      63 |  23.3
            +---------+---------+-------+---------+---------+-------
        D:1 |      46 |       0 |   0.0 |      28 |       0 |   0.0
        D:2 |      96 |      88 |  47.8 |      18 |      14 |  43.8
        D:3 |     107 |       0 |   0.0 |      32 |       0 |   0.0
        D:4 |     621 |       0 |   0.0 |      22 |       0 |   0.0
        D:5 |     683 |     171 |  20.0 |      24 |      36 |  60.0
        D:6 |     500 |     673 |  57.4 |      14 |      11 |  44.0
        D:7 |    1118 |      97 |   8.0 |      25 |       1 |   3.8
        D:8 |    1359 |       0 |   0.0 |      14 |       0 |   0.0
        D:9 |    2138 |       0 |   0.0 |      28 |       0 |   0.0
       D:10 |    1285 |     876 |  40.5 |       2 |       1 |  33.3
            +---------+---------+-------+---------+---------+-------
